 Dungeon Crawl Stone Soup version 0.32-a0-913-g739538afd8 (webtiles) character file.

Game seed: 13440423652759949699

11627 Autsider the Toxicologist (level 11, -1/80 HPs)
             Began as a Merfolk Alchemist on Apr 7, 2024.
             Was an Elder of Hepliaklqana.
             Shot with a sling bullet by Joseph (20 damage)
             ... on level 1 of the Lair of Beasts.
             The game lasted 00:52:53 (11826 turns).

Autsider the Toxicologist (Merfolk Alchemist)      Turns: 11826, Time: 00:52:53

Health: -1/80      AC:  3    Str:  8    XL:     11   Next: 80%
Magic:  15/17      EV: 16    Int: 21    God:    Hepliaklqana [****..]
Gold:   1418       SH:  0    Dex: 19    Spells: 6/18 levels left

rFire   + . .        N - +0 orcbow
rCold   . . .        (shield currently unavailable)
rNeg    . . .        F - +0 troll leather armour
rPois   .            (helmet currently unavailable)
rElec   .            G - melded +2 cloak
rCorr   .            (gloves currently unavailable)
SInv    .            D - melded +0 pair of boots
Will    .....        (no amulet)
Stlth   +++          c - +6 ring of intelligence
HPRegen 1.13/turn    d - ring of protection from fire
MPRegen 0.15/turn

%: no passive effects
@: beast-form
A: beast (slay +4), reduced essence, (nimble swimmer 2), mertail
a: Begin Untransformation, Renounce Religion, Recall Ancestor, Ancestor
Identity, Transference, Idealise


You were on level 1 of the Lair of Beasts.
You worshipped Hepliaklqana.
Hepliaklqana was greatly pleased with you.
You were a hulking beast.
You visited 3 branches of the dungeon, and saw 12 of its levels.
You also visited: Bailey.

You collected 1418 gold pieces.

Inventory:

Hand Weapons
 a - a +5 dire flail of freezing
 v - a +4 dagger of electrocution
 x - a +3 trident
 N - a +0 orcbow (weapon)
 P - a +0 trident
 U - a +3 spear
Missiles
 J - 7 throwing nets
Armour
 D - a +0 pair of boots (melded)
 E - a +2 buckler
 F - a +0 troll leather armour (worn)
 G - a +2 cloak (melded)
 Y - a +3 ring mail of cold resistance
 Z - a +0 helmet
Magical Staves
 W - a staff of fire
Jewellery
 c - a +6 ring of intelligence (left hand)
 d - a ring of protection from fire (right hand)
 A - a ring of see invisible
 K - a ring of flight
 M - a +5 ring of evasion
 Q - a ring of willpower
 R - a ring of protection from cold
Talismans
 p - a serpent talisman
 t - a flux talisman
 X - a beast talisman (active)
Wands
 e - a wand of flame (27)
 g - a wand of acid (2)
 B - a wand of paralysis (27)
Scrolls
 h - 2 scrolls of blinking
 i - a scroll of silence
 k - 2 scrolls of vulnerability
 n - a scroll of enchant armour
 w - 4 scrolls of teleportation
 I - a scroll of summoning
 S - 3 scrolls of amnesia
Potions
 b - a potion of magic
 l - 2 potions of cancellation
 o - 4 potions of enlightenment
 q - a potion of invisibility
 r - 3 potions of degeneration
 s - a potion of brilliance {unknown}
 u - a potion of mutation {unknown}
 z - 2 potions of lignification
 L - a potion of resistance {unknown}
 O - a potion of berserk rage {unknown}
 V - a potion of attraction {unknown}
Miscellaneous
 T - a box of beasts


   Skills:
 + Level 9.0 Fighting
 + Level 1.3 Ranged Weapons
 - Level 4.0 Armour
 - Level 10.0 Dodging
 - Level 6.0 Stealth
 - Level 4.0 Shields
 - Level 4.0 Spellcasting
 - Level 2.0 Conjurations
 - Level 2.0 Translocations
 - Level 4.0 Air Magic
 + Level 10.3 Alchemy
 + Level 1.1 Invocations
 + Level 7.4 Shapeshifting


You had 6 spell levels left.
You knew the following spells:

 Your Spells              Type           Power      Damage    Failure   Level
a - Sting                 Conj/Alch      100%       1d9       1%          1
b - Mercury Vapours       Alch/Air       68%        N/A       1%          2
c - Olgreb's Toxic Radia  Alch           47%        N/A       2%          4
w - Mephitic Cloud        Conj/Alch/Air  27%        N/A       5%          3
z - Blink                 Tloc           24%        N/A       11%         2

Your spell library contained the following spells:

 Spells                   Type           Power      Damage    Failure   Level
 Lesser Beckoning         Tloc           24%        N/A       11%         2
 Momentum Strike          Conj/Tloc      24%        3d8       11%         2
 Sandblast                Erth           8%         2d5       17%         1
 Sticky Flame             Fire/Alch      25%        2d6       21%         4
 Stone Arrow              Conj/Erth      16%        3d8       32%         3
 Fugue of the Fallen      Necr           4%         N/A       45%         3
 Ozocubu's Armour         Ice            4%         N/A       45%         3
 Summon Ice Beast         Ice/Summ       4%         N/A       45%         3
 Brom's Barrelling Bould  Conj/Erth      8%         2d3       73%         4
 Anguish                  Hex/Necr       2%         N/A       86%         4
 Cause Fear               Hex            2%         N/A       86%         4
 Summon Mana Viper        Hex/Summ       4%         N/A       99%         5
 Enfeeble                 Hex            2%         N/A       100%        7
 Manifold Assault         Tloc           6%         N/A       100%        7
 Monstrous Menagerie      Summ           2%         N/A       100%        7


Dungeon Overview and Level Annotations

Branches:
Dungeon (10/15)            Temple (1/1) D:4            Lair (1/5) D:10
 Bailey (visited)
    Orc: D:9-12

Altars:
Ashenzari
Cheibriados
Dithmenos
Elyvilon
Fedhas
Gozag
Hepliaklqana
Kikubaaqudgha
Makhleb
Nemelex Xobeh
Okawaru
Qazlal
Ru
Sif Muna
Trog
Uskayaw
Vehumet
Wu Jian
Xom
Yredelemnul
Zin
The Shining One

Shops:
D:4 *   D:9 *

Annotations:
D:4 2 transporters, ILmort's ghost, amateur DgHu
Lair:1 Joseph


Innate Abilities, Weirdness & Mutations

You are a hulking beast.
Your limbs bulge with bestial killing power. (Slay +4)
Your life essence is reduced to manifest your ancestor. (-10% HP)
((You are very nimble when in or above water. (Stealth+, EV+, Speed+++)))
Your lower body shifts to a powerful aquatic tail in water.


Message History

The sting hits the water moccasin.
The water moccasin partially resists.
The water moccasin is almost dead.
The water moccasin bites you.
* * * LOW HITPOINT WARNING * * *
You are poisoned.
The water moccasin poisons you!
Hidia hits the water moccasin with a +0 dagger of draining.
Joseph shoots a sling bullet.
The sling bullet barely misses you. The water moccasin bites you.
* * * LOW HITPOINT WARNING * * *
You are more poisoned.
The water moccasin poisons you!
Hidia hits the water moccasin with a +0 dagger of draining!
The water moccasin dies!
As you read the scroll of fog, it dissolves into smoke.
You feel extremely sick.
The yak gores Hidia!
Hidia hits the yak with a +0 dagger of draining!
Hidia drains the yak.
Joseph shoots a sling bullet.
The sling bullet hits you!
* * * LOW HITPOINT WARNING * * *
Hidia hits the yak with a +0 dagger of draining.
* * * LOW HITPOINT WARNING * * *
You feel very sick.
The yak closely misses Hidia.
Hidia hits the yak with a +0 dagger of draining. x2
Hidia drains the yak.
* * * LOW HITPOINT WARNING * * *
You feel very sick.
The yak gores Hidia.
Hidia hits the yak but does no damage.
Hidia drains the yak.
Joseph shoots a sling bullet.
The sling bullet closely misses Hidia.
The sling bullet misses you.
The bullfrog hits Hidia.
Hidia casts a spell at the yak.
The yak resists with significant effort.
You feel better.
The bullfrog hits Hidia.
The yak barely misses Hidia.
Joseph shoots a sling bullet.
The sling bullet completely misses Hidia.
The sling bullet hits you!!
You die...
Hepliaklqana delivers you to your ancestors.

####
###.P######.
..§§........
##§§§.......!
#§h§§........
#§§§§........
#§§§RY.......
#§§§.F.......
#.§§§........
#....<.......
#............
#.......@....
#............


You could see the friendly Hidia the hexer, Joseph, a yak (distracted, very
drained, ally target) and a bullfrog.

Vanquished Creatures
  A two-headed ogre (D:8)
  Pikel (D:5)
  An ugly thing (D:7)
  2 trolls
  2 hornets
  A wyvern (D:9)
  6 yaks
  Edmund (D:4)
  A steam dragon (D:8)
  Duvessa (D:5)
  An acid dragon (D:8)
  A water moccasin (D:7)
  A sky beast (D:8)
  3 black bears
  2 orc warriors
  An ogre (D:5)
  2 wolves (Bailey)
  A centaur (D:7)
  A lemure (D:5)
  2 kobold brigands
  5 bullfrogs
  4 scorpions
  4 gnoll sergeants
  4 wights
  Dowan (D:5)
  4 howler monkeys
  An electric eel (D:7)
  A jelly (D:5)
  3 bombardier beetles (D:5)
  4 hounds
  2 gnoll boudas
  2 orc priests (D:9)
  Ijyb (D:5)
  Crazy Yiuf (D:7)
  2 iguanas
  3 sleepcaps (D:5)
  A hexer (D:8)
  6 orc wizards
  10 gnolls
  5 adders
  A white imp (D:5)
  2 ufetubi (D:6)
  3 dart slugs
  A ribbon worm (D:2)
  15 orcs
  3 endoplasms
  A giant cockroach (D:2)
  7 goblins
  5 jackals
  13 kobolds
  5 quokkas
  8 ball pythons
  4 bats
  2 frilled lizards (D:3)
  5 rats
171 creatures vanquished.

Vanquished Creatures (collateral kills)
  A catoblepas (Lair:1)
  A komodo dragon (D:10)
  An unseen horror (D:7)
  A hornet (D:9)
  4 yaks
  2 wyverns (D:8)
  A steam dragon (D:10)
  2 water moccasins
  An ice beast (D:5)
  3 orc warriors (D:8)
  A black bear (D:5)
  3 wolves (Bailey)
  A centaur (D:10)
  A kobold brigand (D:10)
  4 bullfrogs
  A scorpion (D:5)
  5 gnoll sergeants (Bailey)
  4 wights
  2 howler monkeys (D:10)
  3 electric eels (D:7)
  4 gnoll boudas (Bailey)
  2 hounds
  A jelly (D:7)
  2 orc wizards
  6 gnolls
  A shadow imp (D:5)
  A white imp (D:8)
  3 ufetubi
  3 orcs
  A goblin (D:9)
  3 kobolds (D:10)
69 creatures vanquished.

Vanquished Creatures (others)
  An electric eel (D:7)
  2 ancestors (D:7)
  4 hexers
  An ufetubus (D:7)
8 creatures vanquished.

Grand Total: 248 creatures vanquished

Notes
Turn   | Place    | Note
-------+----------+-------------------------------------------
     0 | D:1      | Autsider the Merfolk Alchemist began the quest for the Orb.
     0 | D:1      | Reached XP level 1. HP: 13/13 MP: 3/3
   109 | D:1      | Reached skill level 1 in Conjurations
   273 | D:1      | Reached XP level 2. HP: 19/19 MP: 3/5
   953 | D:2      | Reached XP level 3. HP: 24/24 MP: 2/6
  1559 | D:3      | Reached skill level 5 in Alchemy
  1951 | D:3      | Reached XP level 4. HP: 30/30 MP: 3/7
  1954 | D:3      | Learned a level 2 spell: Blink
  2693 | D:4      | Found a transporter.
  2705 | D:4      | Noticed ILmort's ghost (amateur DgHu)
  2790 | D:4      | Found a staircase to the Ecumenical Temple.
  2825 | Temple   | Entered the Ecumenical Temple
  2837 | Temple   | Became a worshipper of Hepliaklqana the Forgotten
  2866 | D:4      | Noticed a scorpion
  2875 | D:4      | Killed a scorpion
  2876 | D:4      | Reached skill level 1 in Translocations
  2876 | D:4      | Reached XP level 5. HP: 35/35 MP: 3/8
  2928 | D:4      | Found an ornate altar of the Wu Jian Council.
  2958 | D:4      | Noticed Edmund
  3010 | D:4      | Killed Edmund
  3011 | D:4      | Reached XP level 6. HP: 47/47 MP: 0/9
  3120 | D:4      | Found Unlocoj's Elemental Accessories.
  3172 | D:4      | Found a basalt altar of Yredelemnul.
  3289 | D:4      | Found a transporter.
  3447 | D:5      | Entered Level 5 of the Dungeon
  3582 | D:5      | Noticed Ijyb
  3582 | D:5      | Noticed a black bear
  3603 | D:5      | Learned a level 3 spell: Mephitic Cloud
  3612 | D:5      | Killed a black bear
  3621 | D:5      | Killed Ijyb
  3622 | D:5      | Reached XP level 7. HP: 43/54 MP: 4/10
  3684 | D:5      | Noticed Duvessa
  3687 | D:5      | Noticed Dowan
  3695 | D:5      | Killed Duvessa
  3696 | D:5      | Reached skill level 1 in Air Magic
  3705 | D:5      | Killed Dowan
  3928 | D:5      | Noticed a +0 falchion
  3928 | D:5      | Noticed a +0 dagger
  3928 | D:5      | Noticed a +0 short sword
  3929 | D:5      | Noticed a +0 falchion
  3929 | D:5      | Noticed a +0 dagger
  3929 | D:5      | Noticed a +0 spear
  3931 | D:5      | Noticed a +0 spear
  3932 | D:5      | Noticed a +0 short sword
  3954 | D:5      | Found a hide-covered altar of Uskayaw.
  4057 | D:5      | Reached * piety under Hepliaklqana
  4254 | D:5      | Found a shimmering blue altar of Sif Muna.
  4513 | D:5      | Found an opulent altar of Gozag.
  4537 | D:5      | Noticed Pikel
  4537 | D:5      | Noticed a hornet
  4547 | D:5      | Killed a hornet
  4548 | D:5      | Reached XP level 8. HP: 54/54 MP: 3/13
  4652 | D:5      | Killed Pikel
  4798 | D:5      | Reached skill level 10 in Alchemy
  4798 | D:5      | Reached skill level 1 in Shapeshifting
  4798 | D:5      | Reached XP level 9. HP: 32/58 MP: 3/15
  5405 | D:6      | Reached skill level 5 in Shapeshifting
  5604 | D:6      | Learned a level 2 spell: Mercury Vapours
  5609 | D:6      | Learned a level 4 spell: Olgreb's Toxic Radiance
  5679 | D:6      | Found a radiant altar of Vehumet.
  5679 | D:6      | Found a white marble altar of Elyvilon.
  5691 | D:6      | Found a sacrificial altar of Ru.
  5933 | D:6      | Found a glowing silver altar of Zin.
  5933 | D:6      | Noticed an angel
  6617 | D:7      | Reached ** piety under Hepliaklqana
  6618 | D:7      | Remembered your ancestor Hidia as a hexer
  6756 | D:7      | Found a runed translucent door.
  6757 | D:7      | Noticed Crazy Yiuf
  7004 | D:7      | Noticed a green ugly thing
  7012 | D:7      | Reached skill level 1 in Armour
  7017 | D:7      | Killed an unseen horror
  7018 | D:7      | Reached skill level 5 in Fighting
  7018 | D:7      | Reached skill level 5 in Dodging
  7035 | D:7      | Killed a green ugly thing
  7036 | D:7      | Reached XP level 10. HP: 50/66 MP: 3/16
  7670 | D:7      | Killed Crazy Yiuf
  7788 | D:8      | Reached skill level 5 in Stealth
  8142 | D:8      | Found a shadowy altar of Dithmenos.
  8574 | D:8      | Reached skill level 1 in Shields
  8933 | D:8      | Noticed a two-headed ogre
  8946 | D:8      | Killed a two-headed ogre
  9105 | D:8      | Reached *** piety under Hepliaklqana
  9244 | D:9      | Reached XP level 11. HP: 75/75 MP: 3/17
  9390 | D:9      | Found a flagged portal.
  9405 | Bailey   | Entered a bailey
 10355 | D:9      | Identified the +8 tower shield "Xufragau" {rF+ rCorr
                  | Stlth+}
 10372 | D:9      | Found Cushri Docvo's General Store.
 10849 | D:10     | Entered Level 10 of the Dungeon
 10905 | D:10     | Found a staircase to the Lair.
 10974 | D:10     | Found a broken altar of Ashenzari.
 10980 | D:10     | Reached **** piety under Hepliaklqana
 10997 | D:10     | Reached skill level 10 in Dodging
 11289 | D:10     | Found a bloodstained altar of Trog.
 11290 | D:10     | Found a sparkling altar of Nemelex Xobeh.
 11290 | D:10     | Found a burning altar of Makhleb.
 11810 | Lair:1   | Entered Level 1 of the Lair of Beasts
 11810 | Lair:1   | Noticed a catoblepas
 11815 | Lair:1   | Noticed Joseph
 11819 | Lair:1   | Killed a catoblepas
 11820 | Lair:1   | Reached skill level 1 in Ranged Weapons
 11820 | Lair:1   | Reached skill level 1 in Invocations
 11826 | Lair:1   | Shot with a sling bullet by Joseph

Illustrated notes

Levels and vault maps discovered:
D:1:      amcnicky_arrival_flooded_fountain, layout_rooms
D:2:      layout_loops_ring, kennysheep_generic_room_3
D:3:      layout_loops_corners
D:4:      layout_basic, nicolae_wu_jian_wuxing_cycle, kennysheep_mini_moat,
          minmay_temple_entry_mist, gammafunk_ghost_mausoleum,
          nicolae_elemental_shop, minmay_misc_feat_encased, uniq_edmund
D:5:      minmay_polygon_palace, layout_basic,
          nicolae_gozag_cash_rules_everything_around_me,
          mainiacjoe_overflow_24_doors, nicolae_uskayaw_en_pointe, uniq_ijyb,
          uniq_duvessa, uniq_pikel
D:6:      layout_rooms, nicolae_overflow_crystal_walls, zin_angel,
          mainiacjoe_overflow_large_starburst, minmay_misc_feat_hallway,
          chequers_serial_rivers_small_3
D:7:      kennysheep_big_flooded_room, layout_basic, uniq_crazy_yiuf_cottage
D:8:      minmay_razor_zed, layout_loops_ring, grunt_dithmenos_smoke_and_mirrors
D:9:      layout_loops_corners, enter_bailey_3, serial_shops, shop,
          minmay_fractal_squares_gapless_5
D:10:     layout_stronghold, nicolae_ashenzari_panopticon,
          gammafunk_temple_overflow_forgotten, grunt_lair_entry_orc_guard_hut
Temple:   hellmonk_temple_rainy
Lair:1:   layout_cave_pods, uniq_fannar, uniq_joseph, uniq_prince_ribbit2

Skill      XL: |  1  2  3  4  5  6  7  8  9 10 11 |
---------------+----------------------------------+-----
Conjurations   | 1 2 |  2.0
Alchemy        | 5 6 7 10 | 10.3
Translocations | 1 2 |  2.0
Fighting       | 3 4 5 7 9 |  9.0
Dodging        | 4 5 7 10 | 10.0
Air Magic      | 2 4 |  4.0
Spellcasting   | 3 4 |  4.0
Shapeshifting  | 1 7 |  7.4
Stealth        | 4 6 |  6.0
Armour         | 2 3 4 |  4.0
Shields        | 2 4 |  4.0
Ranged Weapons | 1 |  1.3
Invocations    | 1 |  1.1

Action                     |  1- 3 |  4- 6 |  7- 9 | 10-12 || total
---------------------------+-------+-------+-------+-------++-------
  Melee: Dagger            |    21 |    24 |    56 |    58 ||   159
         Flail             |       |     1 |       |       ||     1
   Fire: Orcbow            |       |       |       |   127 ||   127
   Cast: Sting             |    68 |    45 |   155 |   139 ||   407
         Mephitic Cloud    |       |     1 |    15 |    34 ||    50
         Mercury Vapours   |       |       |     2 |    12 ||    14
         Olgreb's Toxic Ra |       |       |       |     2 ||     2
 Invoke: Ancestor Life: He |       |       |     1 |       ||     1
         Ancestor Identity |       |       |     1 |       ||     1
         Recall Ancestor   |       |       |       |     1 ||     1
Ability: Begin Untransform |       |       |     1 |       ||     1
  Evoke: Wand              |       |       |       |     2 ||     2
    Use: Scroll            |       |     2 |     3 |    16 ||    21
         Potion            |       |       |       |     2 ||     2
   Stab: Confused          |       |     1 |     3 |     4 ||     8
         Distracted        |       |       |       |     1 ||     1
 Armour: Robe              |    25 |    11 |    40 |       ||    76
         Troll leather arm |       |       |    15 |    85 ||   100
  Dodge: Dodged            |    23 |    22 |    48 |    83 ||   176
  Block: Buckler           |       |       |       |    34 ||    34
   Form: Flux              |       |       |     1 |       ||     1
         Beast             |       |       |       |     1 ||     1

Table legend: (Time is in decaauts)
 A = Elapsed time spent in this place.
 B = Non-inter-level travel time spent in this place.
 C = Inter-level travel time spent in this place.
 D = Time resting spent in this place.
 E = Time spent auto-exploring this place.
 F = Levels seen in this place.
 G = Mean time per level.
                   A        B        C        D        E       F      G
               +--------+--------+--------+--------+--------+-----+--------+
         Total |  11846 |  11396 |    450 |    618 |   8506 |  13 |  911.2 |
       Dungeon |  11175 |  10737 |    438 |    591 |   8153 |  10 | 1117.5 |
        Temple |     21 |      9 |     12 |      0 |      0 |   1 |   21.0 |
          Lair |     18 |     18 |      0 |      0 |      0 |   1 |   18.0 |
        Bailey |    630 |    630 |      0 |     27 |    353 |   1 |  630.0 |
               +--------+--------+--------+--------+--------+-----+--------+

Top non-repeatable levels by time:
     D:5: 1840 daAuts
     D:7: 1753 daAuts
     D:8: 1422 daAuts
     D:3: 1085 daAuts
     D:9: 1038 daAuts
    D:10: 991 daAuts
     D:2: 912 daAuts
     D:4: 868 daAuts
     D:6: 721 daAuts
  Bailey: 630 daAuts
     D:1: 542 daAuts
  Temple: 21 daAuts
  Lair:1: 18 daAuts
